 Dungeon Crawl Stone Soup version 0.31-a0-981-geadf994542 (webtiles) character file.

Game seed: 13926660601873617137

245 strifetoe the Ruffian (level 6, -3/40 HPs)
             Began as a Djinni Shapeshifter on Nov 2, 2023.
             Was a Follower of Hepliaklqana.
             Killed by divine providence
             ... invoked by an orc priest
              (14 damage)
             ... on level 4 of the Dungeon.
             The game lasted 00:04:48 (2588 turns).

strifetoe the Ruffian (Djinni Shapeshifter)         Turns: 2588, Time: 00:04:48

Health: -3/40      AC:  3    Str: 15    XL:     6   Next: 32%
Gold:   258        EV: 12    Int: 11    God:    Hepliaklqana [*.....] SH:  0 Dex: 13

rFire   + +          .
                       - Unarmed
rCold   x . .        (no shield)
rNeg    . . .        a - +1 animal skin
rPois   ∞            (helmet currently unavailable)
rElec   .            (cloak currently unavailable)
rCorr   .            (gloves currently unavailable)
SInv    +            (boots unavailable)
Will    .....        (no amulet)
Stlth   +            o - ring of see invisible
HPRegen 0.26/turn    (no ring)
MPRegen 0.00/turn

%: infuse magic (-4 HP)
@: beast-form, flying, studying Fighting
A: beast (slay +1), flying, reduced essence, sickness immunity, fire resistance
2, cold vulnerability 1, float, innate caster, HP casting, extra vitality 1
a: Begin Untransformation, Renounce Religion, Recall Ancestor, Ancestor Identity


You were on level 4 of the Dungeon.
You worshipped Hepliaklqana.
Hepliaklqana was aware of your devotion.
You were a hulking beast.
You visited 1 branch of the dungeon, and saw 4 of its levels.
You also visited: Sewer.

You collected 258 gold pieces.

Inventory:

Armour
 a - a +1 animal skin (worn)
Jewellery
 o - a ring of see invisible (left hand)
Talismans
 c - a beast talisman (active)
 d - a flux talisman
Scrolls
 e - a scroll of fog {unknown}
 f - 2 scrolls of amnesia {unknown}
 h - 2 scrolls of teleportation
Potions
 b - a potion of might
 g - 2 potions of heal wounds
 j - a potion of degeneration
 k - 2 potions of mutation
 m - a potion of attraction {unknown}
 n - a potion of enlightenment
 p - a potion of magic {unknown}


   Skills:
 + Level 2.6 Fighting
 - Level 2.1 Dodging
 + Level 6.3 Unarmed Combat
 - Level 2.6 Shapeshifting


You knew the following spells:

 Your Spells              Type           Power      Damage    Failure   Level
a - Necrotise             Necr           0%         1d4       34%         1
b - Wereblood             Tmut           0%         N/A       47%         2
Your spell library was empty.

Dungeon Overview and Level Annotations

Branches:
Dungeon (4/15)              Sewer (visited)
 Temple: D:4-7

Altars:
Hepliaklqana
Zin


Innate Abilities, Weirdness & Mutations

You are a hulking beast.
Your limbs bulge with bestial killing power. (Slay +1)
You are flying.
Your life essence is reduced to manifest your ancestor. (-10% HP)
You are immune to sickness and miasma.
You are immune to poison.
Your flesh is very heat resistant. (rF++)
You are vulnerable to cold. (rC-)
You float through the air rather than walking.
You learn spells naturally, not from books.
Your magical power is your life essence.
You have superior vitality. (+4 MHP)


Message History

You punch the adder!
You kill the adder!
The orc hits you with a +0 flail.
SPIDERMAN closely misses the orc.
The orc closely misses you. The orc misses you.
SPIDERMAN hits the orc.
The orc dies!
Things that are here:
a +0 mace; an adder corpse You closely miss the orc.
The orc hits you with a +0 dagger.
You barely miss the orc. The orc hits you but does no damage.
You hit the orc but do no damage. You punch the orc.
The orc is severely wounded.
SPIDERMAN hits the orc.
The orc hits you with a +0 dagger.
You closely miss the orc. Your punch misses the orc.
The orc is almost dead.
SPIDERMAN hits the orc.
The orc dies!
Things that are here:
a +0 dagger; an orc corpse You start resting.
Ancestor HP restored.
An orc priest is nearby!
An orc priest is nearby!
An orc priest is nearby!
The orc priest hits you from afar with a +0 trident!
The orc priest hits you with a +0 trident.
There is an open door here.
You hit the orc priest but do no damage.
The orc priest invokes the aid of Beogh against you.
Beogh smites you!
* * * LOW HITPOINT WARNING * * *
You are too injured to fight recklessly!
You hit the orc priest.
The orc priest is moderately wounded.
The orc priest barely misses you.
You hit the orc priest.
The orc priest is heavily wounded.
You barely miss the orc priest.
The orc priest is heavily wounded.
The orc priest calls down the wrath of Beogh upon you.
Beogh smites you!
You die...

#...#....o...
#...#......#
###...#......#
.....#ooo...+
#...#......#
#######..>#......#
#....##...#......#
#....#..o.'......+
#....##h###......#
#....##.R.#......#
#.....))..#......#
#.....)...#......#
#..<.######......#
#....# ..###+##
#....# .# #....#
#....#


You could see the friendly SPIDERMAN the ancestor and an orc priest (ally
target).

Vanquished Creatures
  Pargi (Sewer)
  An orc priest (D:4)
  2 adders
  A worm (D:3)
  5 endoplasms
  5 giant cockroaches
  5 goblins
  2 hobgoblins
  8 jackals
  A quokka (D:1)
  4 ball pythons
  3 bats (D:1)
  2 frilled lizards
  2 jackal zombies (D:2)
  13 kobolds
  4 rats
59 creatures vanquished.

Vanquished Creatures (collateral kills)
  An orc wizard (D:4)
  2 orcs (D:4)
  A bat (D:1)
  An endoplasm (D:3)
  A quokka (D:1)
  A rat (D:3)
7 creatures vanquished.

Grand Total: 66 creatures vanquished

Notes
Turn   | Place    | Note
-------+----------+-------------------------------------------
     0 | D:1      | strifetoe the Djinni Shapeshifter began the quest for the
                  | Orb.
     0 | D:1      | Reached XP level 1. HP: 17/17 MP: 0/0
   282 | D:1      | Reached XP level 2. HP: 19/22 MP: 0/0
   722 | D:1      | Found a faded altar of an unknown god.
   729 | D:1      | Reached skill level 4 in Unarmed Combat
   729 | D:1      | Reached XP level 3. HP: 27/27 MP: 0/0
   729 | D:1      | Learned a level 1 spell: Necrotise
   895 | D:1      | Prayed at the altar of an unknown god.
   895 | D:1      | Became a worshipper of Hepliaklqana the Forgotten
   895 | D:1      | Reached * piety under Hepliaklqana
  1569 | D:2      | You are sucked into a shaft and drop 1 floor!
  1666 | D:3      | Found a glowing silver altar of Zin.
  1685 | D:3      | Reached XP level 4. HP: 26/28 MP: 0/0
  1745 | D:3      | Found a glowing drain.
  1758 | Sewer    | Entered a sewer
  1824 | Sewer    | Noticed Pargi
  1831 | Sewer    | Killed Pargi
  1832 | Sewer    | Reached skill level 6 in Unarmed Combat
  1832 | Sewer    | Reached XP level 5. HP: 33/33 MP: 0/0
  1832 | Sewer    | Learned a level 2 spell: Wereblood
  1925 | Sewer    | Identified a scroll of acquirement
  1925 | Sewer    | Acquired a manual of Fighting
  2565 | D:4      | Reached XP level 6. HP: 38/38 MP: 0/0
  2588 | D:4      | Killed from afar by an orc priest

Illustrated notes

Levels and vault maps discovered:
D:1:      matt_arrival_los_fun, layout_basic,
          dilly_ecumenical_altar_fadedgnrine, st_stairs_3,
          roderic_serpentine_path, serial_bayou_lake_a
D:2:      layout_loops_ring, serial_undead, serial_undead_a, serial_undead_b,
          serial_undead_e, serial_undead_a
D:3:      layout_loops_ring, mainiacjoe_overflow_cross_hatched,
          amcnicky_altar_gilded, portal_sewer_entry_d
D:4:      nicolae_cairo_tiling_large, layout_gridville, lemuel_doored_altar

Skill      XL: |  1  2  3  4  5  6 |
---------------+-------------------+-----
Unarmed Combat | 4 6 |  6.3
Fighting       | 2 |  2.6
Dodging        | |  2.1
Shapeshifting  | |  2.6

Action                     |  1- 3 |  4- 6 || total
---------------------------+-------+-------++-------
  Melee: Unarmed           |   142 |    59 ||   201
         Punch             |     2 |     2 ||     4
 Invoke: Recall Ancestor   |     1 |       ||     1
         Ancestor Identity |     1 |       ||     1
    Use: Potion            |       |     1 ||     1
         Scroll            |       |    11 ||    11
   Stab: Sleeping          |       |     2 ||     2
 Armour: Animal skin       |    69 |    19 ||    88
         Skin              |       |     9 ||     9
  Dodge: Dodged            |    81 |    35 ||   116
   Form: Beast             |     1 |       ||     1

Table legend: (Time is in decaauts)
 A = Elapsed time spent in this place.
 B = Non-inter-level travel time spent in this place.
 C = Inter-level travel time spent in this place.
 D = Time resting spent in this place.
 E = Time spent auto-exploring this place.
 F = Levels seen in this place.
 G = Mean time per level.
                   A        B        C        D        E       F      G
               +--------+--------+--------+--------+--------+-----+--------+
         Total |   2570 |   2470 |    100 |    119 |   1780 |   5 |  514.0 |
       Dungeon |   2391 |   2291 |    100 |     94 |   1691 |   4 |  597.8 |
         Sewer |    178 |    178 |      0 |     25 |     89 |   1 |  178.0 |
               +--------+--------+--------+--------+--------+-----+--------+

Top non-repeatable levels by time:
     D:1: 1217 daAuts
     D:3: 784 daAuts
     D:2: 340 daAuts
   Sewer: 178 daAuts
     D:4: 49 daAuts
